 Dungeon Crawl Stone Soup version 0.28-a0-563-gf77a47075d (webtiles) character file.

Game seed: 9857637451480081664

284 funkygono the Magician (level 6, -2/40 HPs)
             Began as a Djinni Fire Elementalist on Sept 30, 2021.
             Slain by an iguana (11 damage)
             ... on level 5 of the Dungeon.
             The game lasted 00:08:32 (4987 turns).

funkygono the Magician (Djinni Fire Elementalist)   Turns: 4987, Time: 00:08:33

Health: -2/40      AC:  4    Str:  7    XL:     6   Next: 54%
Gold:   165        EV: 12    Int: 24    God:
                   SH:  0    Dex: 14

rFire   + + .      SeeInvis .   d - +1 falchion
rCold   x . .      Faith    .   (no shield)
rNeg    . . .      Spirit   .   a - +0 robe
rPois   ∞          Reflect  .   m - +0 helmet
rElec   .          Harm     .   l - +0 cloak
rCorr   .          Rampage  .   (no gloves)
Will    .....                   (boots unavailable)
Stlth   ++........              g - amulet of the acrobat
HPRegen 0.13/turn               q - +6 ring of intelligence
MPRegen 0.00/turn               (no ring)

@: flying
A: sickness immunity, fire resistance 2, cold vulnerability 1, float, innate
caster, hp casting, extra vitality 1
a: no special abilities


You were on level 5 of the Dungeon.
You visited 1 branch of the dungeon, and saw 5 of its levels.

You collected 165 gold pieces.

Inventory:

Hand Weapons
 d - a +1 falchion (weapon)
 r - a +3 dagger of speed
Missiles
 c - 157 stones
Armour
 a - a +0 robe (worn)
 l - a +0 cloak (worn)
 m - a +0 helmet (worn)
Magical Staves
 p - a staff of earth
Jewellery
 g - an amulet of the acrobat (around neck)
 q - a +6 ring of intelligence (left hand)
Potions
 e - a potion of mutation
 f - a potion of curing {unknown}
 i - 3 potions of invisibility {unknown}
 j - a potion of lignification {unknown}
 k - a potion of might {unknown}
 n - a potion of flight {unknown}


   Skills:
 + Level 2.3 Dodging
 - Level 1.5 Stealth
 * Level 5.2 Spellcasting


You couldn't memorise any spells.
You knew the following spells:

 Your Spells              Type           Power      Damage    Failure   Level
a - Foxfire               Conj/Fire      100%       2x1d9     1%          1
b - Scorch                Fire           62%        2d8       1%          2
c - Conjure Flame         Conj/Fire      31%        6-21      3%          3
d - Inner Flame           Hex/Fire       31%        N/A       3%          3
e - Flame Wave            Conj/Fire      31%        3d7       10%         4
f - Sandblast             Erth           62%        2d14      1%          1
g - Poisonous Vapours     Pois/Air       62%        N/A       1%          2
Your spell library was empty.

Dungeon Overview and Level Annotations

Branches:
Dungeon (5/15)
 Temple: D:4-7

Altars:
Ashenzari
Kikubaaqudgha
Ru
Wu Jian

Shops:
D:4 (

Annotations:
D:5 Menkaure


Innate Abilities, Weirdness & Mutations

You are immune to sickness and miasma.
You are immune to poison.
Your flesh is very heat resistant. (rF++)
You are vulnerable to cold. (rC-)
You float through the air rather than walking.
You learn spells naturally, not from books.
Your magical power is your life essence.
You have superior vitality. (+4 HP)


Message History

You conjure some foxfire!
The foxfire hits Menkaure but does no damage.
The foxfire hits Menkaure.
Menkaure is burned terribly!
Menkaure is lightly damaged.
Casting: Foxfire (safe; 1% risk of failure)
Confirm with . or Enter, or press ? or * to list all spells.
You conjure some foxfire!
The foxfire hits Menkaure.
Menkaure is burned terribly!
Menkaure is heavily damaged.
The foxfire hits Menkaure but does no damage.
Menkaure is heavily damaged.
Casting: Foxfire (safe; 1% risk of failure)
Confirm with . or Enter, or press ? or * to list all spells.
You conjure some foxfire!
The foxfire hits the iguana.
The iguana is moderately wounded.
The foxfire hits the iguana.
The iguana is moderately wounded.
Casting: Foxfire (safe; 1% risk of failure)
Confirm with . or Enter, or press ? or * to list all spells.
You conjure some foxfire!
The foxfire hits Menkaure.
Menkaure is burned terribly!
Menkaure is heavily damaged.
The foxfire hits Menkaure.
Menkaure is burned terribly!
Menkaure is severely damaged.
Menkaure's bandages flutter.
Menkaure calls on the powers of darkness!
The iguana convulses!
Your body is wracked with pain!
Casting: Foxfire (safe; 1% risk of failure)
Confirm with . or Enter, or press ? or * to list all spells.
You conjure some foxfire!
The foxfire hits the iguana but does no damage.
The iguana is heavily wounded.
The foxfire hits the iguana.
The iguana is almost dead.
The iguana bites you!
* * * LOW HITPOINT WARNING * * *
The foxfire hits Menkaure.
Menkaure is burned terribly!
Menkaure is almost destroyed.
The iguana bites you!
You die...

##### #
.... .#
#.. .. .
#§#.#....
#@.....#
#Ml...).+
........#
+........+
#...)....#
+.........
#.........
.....?....


You could see Menkaure and an iguana.

Vanquished Creatures
  A hound (D:5)
  An iguana (D:4)
  3 orc wizards (D:4)
  Robin (D:3)
  4 gnolls
  A howler monkey skeleton (D:4)
  2 adders
  A worm (D:3)
  A dart slug (D:1)
  An orc (D:5)
  3 bats
  4 endoplasms
  17 goblins
  6 hobgoblins
  3 quokkas (D:3)
  10 ball pythons
  4 frilled lizards
  7 kobolds
  4 rats
74 creatures vanquished.

Vanquished Creatures (collateral kills)
  A foxfire (D:3)
1 creature vanquished.

Vanquished Creatures (others)
  223 foxfires
223 creatures vanquished.

Grand Total: 298 creatures vanquished

Notes
Turn   | Place    | Note
-------+----------+-------------------------------------------
     0 | D:1      | funkygono the Djinni Fire Elementalist began the quest for
                  | the Orb.
     0 | D:1      | Reached XP level 1. HP: 15/15 MP: 0/0
   246 | D:1      | Reached XP level 2. HP: 15/21 MP: 0/0
   549 | D:1      | Reached skill level 3 in Spellcasting
   688 | D:1      | Reached XP level 3. HP: 21/25 MP: 0/0
   688 | D:1      | Learned a level 1 spell: Sandblast
   941 | D:1      | Found a faded altar of an unknown god.
  1946 | D:2      | Reached XP level 4. HP: 29/31 MP: 0/0
  2469 | D:3      | Found a sacrificial altar of Ru.
  2469 | D:3      | Found an ornate altar of the Wu Jian Council.
  2605 | D:3      | Noticed Robin
  2650 | D:3      | Killed Robin
  3130 | D:3      | Reached skill level 4 in Spellcasting
  3931 | D:4      | Reached XP level 5. HP: 31/35 MP: 0/0
  3931 | D:4      | Learned a level 2 spell: Poisonous Vapours
  4355 | D:4      | Found Yfexaf's Weapon Shoppe.
  4564 | D:4      | Found a broken altar of Ashenzari.
  4694 | D:4      | Reached XP level 6. HP: 25/40 MP: 0/0
  4697 | D:4      | Reached skill level 5 in Spellcasting
  4976 | D:5      | Entered Level 5 of the Dungeon
  4978 | D:5      | Noticed Menkaure
  4987 | D:5      | Slain by an iguana

Illustrated notes

Levels and vault maps discovered:
D:1:      ncdulo_watergridlock, layout_rooms, chequers_ecumenical_altar_twisty
D:2:      layout_loops_corners, grunt_ministairs_9, hangedman_decor_points
D:3:      layout_basic, gammafunk_temple_overflow_forgotten, uniq_robin
D:4:      layout_basic, nicolae_overflow_crystal_walls, serial_shops,
          nicolae_square_shop, mrwooster_statue_mirror
D:5:      layout_basic, uniq_edmund, uniq_ijyb, uniq_crazy_yiuf_cottage,
          uniq_menkaure

Skill      XL: |  1  2  3  4  5  6 |
---------------+-------------------+-----
Spellcasting   | 3 4 5 |  5.2
Dodging        | |  2.3
Stealth        | |  1.5

Action                   |  1- 3 |  4- 6 || total
-------------------------+-------+-------++-------
 Cast: Foxfire           |    60 |    71 ||   131
       Scorch            |     5 |     4 ||     9
       Sandblast         |       |     5 ||     5
       Poisonous Vapours |       |     4 ||     4
  Use: Scroll            |       |     7 ||     7
Dodge: Dodged            |     5 |    10 ||    15

Table legend: (Time is in decaauts)
 A = Elapsed time spent in this place.
 B = Non-inter-level travel time spent in this place.
 C = Inter-level travel time spent in this place.
 D = Time resting spent in this place.
 E = Time spent auto-exploring this place.
 F = Levels seen in this place.
 G = Mean time per level.
                   A        B        C        D        E       F      G
               +--------+--------+--------+--------+--------+-----+--------+
         Total |   4985 |   4801 |    184 |    579 |   3513 |   5 |  997.0 |
       Dungeon |   4985 |   4801 |    184 |    579 |   3513 |   5 |  997.0 |
               +--------+--------+--------+--------+--------+-----+--------+

Top non-repeatable levels by time:
     D:3: 1521 daAuts
     D:2: 1292 daAuts
     D:1: 1103 daAuts
     D:4: 1058 daAuts
     D:5: 10 daAuts
